 Dungeon Crawl Stone Soup version 0.28-a0-1447-ga5a8893891 (webtiles) character file.

Game seed: 16494777226238076033

373 croobank the Insei (level 6, -4/51 HPs)
             Began as a Draconian Transmuter on Jan 11, 2022.
             Succumbed to a scorpion's poison
             ... on level 4 of the Dungeon.
             The game lasted 00:17:50 (4505 turns).

croobank the Insei (Draconian Transmuter)           Turns: 4505, Time: 00:17:51

Health: -4/51      AC:  6    Str: 12    XL:     6   Next: 43%
Magic:  10/11      EV: 13    Int: 14    God:
Gold:   225        SH:  0    Dex: 13    Spells: 8/11 levels left

rFire   . . .      SeeInvis .   x - +2 short sword (holy)
rCold   . . .      Faith    .   (no shield)
rNeg    . . .      Spirit   .   (armour unavailable)
rPois   .          Reflect  .   (helmet currently unavailable)
rElec   .          Harm     .   (no cloak)
rCorr   .          Rampage  .   (no gloves)
Will    .....                   (boots currently unavailable)
Stlth   +.........              (no amulet)
HPRegen 0.17/turn               (no ring)
MPRegen 0.12/turn               (no ring)

@: mighty, lethally poisoned (-4 -> -30), appendages
A: horns 2, talons 2, AC +6, unfitting armour, cold-blooded
a: End Transformation


You were on level 4 of the Dungeon.
You had temporarily grown beastly horns and talons.
You visited 1 branch of the dungeon, and saw 4 of its levels.
You also visited: Sewer.

You collected 225 gold pieces.

Inventory:

Hand Weapons
 s - a +0 whip
 t - a +0 quarterstaff
 v - a +0 war axe
 x - a +2 short sword of holy wrath (weapon)
Missiles
 c - 31 sling bullets
 e - 88 stones
 f - 12 arrows
 i - 5 javelins
Wands
 j - a wand of iceblast (10)
Scrolls
 k - 2 scrolls of vulnerability {unknown}
 l - a scroll of identify {unknown}
 m - 2 scrolls of fear
 n - a scroll of amnesia {unknown}
 o - a scroll of magic mapping {unknown}
 u - a scroll of holy word {unknown}
 w - a scroll of enchant armour {unknown}
 y - a scroll of fog {unknown}
Potions
 a - a potion of resistance {unknown}
 b - a potion of curing {unknown}
 d - a potion of heal wounds {unknown}
 g - a potion of might
 h - a potion of brilliance {unknown}
 p - a potion of mutation
 q - a potion of invisibility {unknown}
 r - 3 potions of flight


   Skills:
 + Level 3.1 Fighting
 * Level 0.1 Short Blades
 - Level 1.2 Axes
 + Level 3.1 Dodging
 - Level 3.9 Unarmed Combat
 + Level 3.3 Spellcasting
 + Level 3.4 Transmutations


You had 8 spell levels left.
You knew the following spells:

 Your Spells              Type           Power      Damage    Failure   Level
a - Beastly Appendage     Tmut           22%        N/A       4%          1
b - Wereblood             Tmut           11%        N/A       8%          2

Your spell library contained the following spells:

 Spells                   Type           Power      Damage    Failure   Level
 Passwall                 Tmut/Erth      5%         N/A       16%         2
 Ensorcelled Hibernation  Hex/Ice        4%         N/A       30%         2
 Spider Form              Tmut/Pois      7%         N/A       30%         3
 Swiftness                Air            2%         N/A       52%         3
 Ice Form                 Ice/Tmut       7%         N/A       71%         4


Dungeon Overview and Level Annotations

Branches:
Dungeon (4/15)              Sewer (visited)
 Temple: D:4-7

Altars:
Ashenzari
Nemelex Xobeh
Sif Muna
Zin


Innate Abilities, Weirdness & Mutations

You have temporarily grown beastly horns and talons.
Your plain brown scales are hard. (AC +6)
You cannot fit into any form of body armour.
You are cold-blooded and may be slowed by cold attacks.


Message History

You hit the scorpion but do no damage.
You feel very sick. The scorpion stings you!
You are more poisoned.
The scorpion poisons you!
You hit the scorpion.
The scorpion is lightly wounded.
You feel very sick. The scorpion stings you.
You barely miss the scorpion.
The scorpion is lightly wounded.
You feel very sick.
The scorpion stings you but does no damage.
The scorpion closely misses you.
You hit the scorpion but do no damage.
The scorpion is lightly wounded.
You feel very sick. The scorpion misses you.
Casting: Beastly Appendage (safe; 4% risk of failure)
Confirm with . or Enter, or press ? or * to list all spells.
You grow a pair of large bovine horns.
Your feet morph into talons.
You feel sick. The scorpion barely misses you.
You barely miss the scorpion. Your kick misses the scorpion.
The scorpion is lightly wounded.
You feel sick. The scorpion stings you.
* * * LOW HITPOINT WARNING * * *
You are lethally poisoned!
The scorpion poisons you!
You hit the scorpion. Your headbutt misses the scorpion.
The scorpion is moderately wounded.
* * * LOW HITPOINT WARNING * * *
You feel very sick. The scorpion stings you.
* * * LOW HITPOINT WARNING * * *
You are more poisoned.
The scorpion poisons you! The scorpion stings you.
* * * LOW HITPOINT WARNING * * *
It was a potion of might.
You feel very mighty all of a sudden.
You die...

##.....# .$.....
.....## .....## ?....
... #s# #@# #.# #.#
#.# ##'## #.#.# ..#
##...## #.#.# #.#
##.....## #.#.###.##
##.......## #.........
#.........####...##.##
+.........+...........
#.........####......##


You could see a scorpion.

Vanquished Creatures
  A scorpion (D:2)
  2 hounds (D:4)
  5 gnolls
  6 adders
  5 river rats (Sewer)
  3 worms
  2 dart slugs
  4 orcs
  7 endoplasms
  A giant cockroach (D:3)
  4 goblins (D:2)
  2 hobgoblins
  11 jackals
  4 quokkas
  10 ball pythons
  18 bats
  5 frilled lizards
  7 kobolds
  4 rats
  A spectral kobold (D:3)
102 creatures vanquished.

Notes
Turn   | Place    | Note
-------+----------+-------------------------------------------
     0 | D:1      | croobank the Draconian Transmuter began the quest for the
                  | Orb.
     0 | D:1      | Reached XP level 1. HP: 16/16 MP: 3/3
   259 | D:1      | Reached XP level 2. HP: 23/23 MP: 3/5
   369 | D:1      | You fall into a shaft and drop 1 floor!
   381 | D:2      | Noticed a scorpion
   393 | D:2      | Killed a scorpion
   394 | D:2      | Reached XP level 3. HP: 19/29 MP: 4/6
   394 | D:2      | Reached XP level 4. HP: 24/36 MP: 4/7
   681 | D:2      | Learned a level 2 spell: Wereblood
  1600 | D:3      | Found a glowing drain.
  1636 | D:3      | Reached XP level 5. HP: 28/42 MP: 9/9
  1644 | Sewer    | Entered a sewer
  3330 | D:3      | Found a broken altar of Ashenzari.
  3502 | D:3      | Found a faded altar of an unknown god.
  3810 | D:4      | Reached XP level 6. HP: 26/51 MP: 10/10
  4091 | D:4      | Reached skill level 1 in Axes
  4471 | D:4      | Found a glowing silver altar of Zin.
  4474 | D:4      | Found a sparkling altar of Nemelex Xobeh.
  4474 | D:4      | Found a shimmering blue altar of Sif Muna.
  4504 | D:4      | HP: 2/51 [scorpion (2)]
  4505 | D:4      | Succumbed to a scorpion's poison

Illustrated notes

Levels and vault maps discovered:
D:1:      dpeg_arrival_concentric_ovals, layout_basic
D:2:      minmay_spotlight, layout_basic, hangedman_decor_growths,
          cheibrodos_gnoll_hut
D:3:      layout_basic, mainiacjoe_overflow_small_starburst,
          cheibrodos_sewer_entry_sluice,
          dreamdust_ecumenical_altar_drowned_temple, minmay_misc_feat_five,
          grunt_ministairs_14, minmay_misc_feat_secret_circle
D:4:      layout_loops_corners, grunt_temple_overflow_open,
          kennysheep_minor_cross, uniq_natasha

Skill      XL: |  1  2  3  4  5  6 |
---------------+-------------------+-----
Dodging        | 2 3 |  3.1
Fighting       | 2 3 |  3.1
Transmutations | 3 |  3.4
Spellcasting   | 3 |  3.3
Axes           | 1 |  1.2
Short Blades   | |  0.1
Unarmed Combat | |  3.9

Action                   |  1- 3 |  4- 6 || total
-------------------------+-------+-------++-------
Melee: Unarmed           |    30 |   266 ||   296
       Kick              |     8 |    46 ||    54
       Headbutt          |     5 |    23 ||    28
       Tailslap          |     3 |    26 ||    29
       Punch             |       |     4 ||     4
       Whip              |       |    68 ||    68
       Short sword       |       |    18 ||    18
 Cast: Beastly Appendage |     6 |    39 ||    45
       Wereblood         |       |     3 ||     3
  Use: Scroll            |       |     3 ||     3
       Potion            |       |     3 ||     3
 Stab: Sleeping          |       |     2 ||     2
Armor: Skin              |     8 |   155 ||   163
Dodge: Dodged            |    24 |   345 ||   369

Table legend: (Time is in decaauts)
 A = Elapsed time spent in this place.
 B = Non-inter-level travel time spent in this place.
 C = Inter-level travel time spent in this place.
 D = Time resting spent in this place.
 E = Time spent auto-exploring this place.
 F = Levels seen in this place.
 G = Mean time per level.
                   A        B        C        D        E       F      G
               +--------+--------+--------+--------+--------+-----+--------+
         Total |   4710 |   4641 |     69 |   1017 |   2216 |   5 |  942.0 |
       Dungeon |   2869 |   2800 |     69 |    394 |   1593 |   4 |  717.2 |
         Sewer |   1840 |   1840 |      0 |    623 |    623 |   1 | 1840.0 |
               +--------+--------+--------+--------+--------+-----+--------+

Top non-repeatable levels by time:
   Sewer: 1840 daAuts
     D:2: 1046 daAuts
     D:3: 737 daAuts
     D:4: 716 daAuts
     D:1: 368 daAuts
